 Dungeon Crawl Stone Soup version 0.29.1 (webtiles) character file.

Game seed: 13039371164916939457

267913 DuloT34 the Black Sun (level 19, -6/157 HPs)
             Began as a Demonspawn Necromancer on Sept 11, 2022.
             Was a High Priest of Kikubaaqudgha.
             Mangled by a nameless horror (26 damage)
             ... created by miscasting Haunt
             ... on level 2 of the Elven Halls on Sept 14, 2022.
             The game lasted 05:43:35 (81548 turns).

DuloT34 the Black Sun (Demonspawn Necromancer)     Turns: 81548, Time: 05:43:35

Health: -6/157     AC: 15    Str:  9    XL:     19   Next: 36%
Magic:  0/37       EV: 17    Int: 24    God:    Kikubaaqudgha [*****.]
Gold:   529        SH: 12    Dex: 10    Spells: 3/47 levels left

rFire   + + +      SeeInvis +   X - staff of death
rCold   + . .      Faith    .   M - +1 buckler {AC+3}
rNeg    + . .      Spirit   .   N - +2 robe {rF+}
rPois   +          Reflect  +   o - +1 helmet
rElec   .          Harm     .   (cloak unavailable)
rCorr   .          Rampage  .   W - +1 pair of gloves
Will    ++++.                   (no boots)
Stlth   ++........              R - amulet of reflection
HPRegen 0.36/turn               H - ring of protection from fire
MPRegen 0.25/turn               w - ring "Jauhufam" {+Blink rF+ rC+ Will+++ Dex-4 SInv}

@: animating dead
A: slimy green scales 3, demonic guardian 2, powered by death 1, weakness
stinger 3
}: 2/15 runes: serpentine, barnacled
a: Renounce Religion, Evoke Blink, Unearth Wretches, Torment


You were on level 2 of the Elven Halls.
You worshipped Kikubaaqudgha.
Kikubaaqudgha was extremely pleased with you.
You visited 7 branches of the dungeon, and saw 33 of its levels.
You also visited: Sewer and Ossuary.

You collected 3247 gold pieces.
You spent 2718 gold pieces at shops.

Inventory:

Hand Weapons
 O - the +7 morningstar of Nyhysch {speed, Drain rElec rC+ Will+}
   (You found it on level 15 of the Dungeon)

   Attacks with this weapon are significantly faster.
   rC:        It protects you from cold.
   rElec:     It insulates you from electricity.
   Drain:     It drains your maximum health when unequipped.
   Will:      It increases your willpower.
Missiles
 T - 11 silver javelins (quivered)
Armour
 o - a +1 helmet (worn)
 z - the +0 robe of Fortitude {rN+ Regen+ Str+6}
   (You found it on level 5 of the Lair of Beasts)

   Str:       It affects your strength (+6).
   rN:        It protects you from negative energy.
   Regen:     It increases your rate of health regeneration.
 M - a +1 buckler of protection (worn)
 N - a +2 robe of fire resistance (worn)
 V - a +2 robe of willpower
 W - a +1 pair of gloves (worn)
Magical Staves
 X - a staff of death (weapon)
Jewellery
 c - a +4 ring of protection
 g - a +4 ring of evasion
 u - an amulet of regeneration
 w - the ring "Jauhufam" (right hand) {+Blink rF+ rC+ Will+++ Dex-4 SInv}
   (You took it off a merfolk on level 4 of the Shoals)

   [ring of protection from fire]

   Dex:       It affects your dexterity (-4).
   rF:        It protects you from fire.
   rC:        It protects you from cold.
   SInv:      It lets you see invisible.
   +Blink:    It lets you blink.
   Will:      It greatly increases your willpower.
 B - a +6 ring of intelligence
 C - an amulet of faith
 H - a ring of protection from fire (left hand)
 Q - a ring of protection from fire
 R - an amulet of reflection (around neck)
Wands
 a - a wand of digging (7)
 k - a wand of acid (7)
 t - a wand of mindburst (15)
 y - a wand of charming (31)
 E - a wand of flame (30)
 F - a wand of iceblast (8)
Scrolls
 f - a scroll of enchant armour
 h - 4 scrolls of fog
 i - 8 scrolls of teleportation
 j - 5 scrolls of poison
 l - 8 scrolls of immolation
 m - a scroll of silence
 v - 5 scrolls of brand weapon
 x - 7 scrolls of enchant weapon
 A - a scroll of summoning
 G - a scroll of magic mapping
 P - 5 scrolls of vulnerability
Potions
 d - 7 potions of mutation
 e - 11 potions of brilliance
 n - 7 potions of might
 p - 9 potions of attraction
 q - 2 potions of resistance
 r - 2 potions of invisibility
 s - 3 potions of lignification
 D - a potion of curing
 I - 6 potions of haste
 J - 3 potions of flight
 K - 5 potions of cancellation
 L - 5 potions of ambrosia
 U - 2 potions of berserk rage
Miscellaneous
 b - a phantom mirror
 S - a condenser vane
 Y - a tin of tremorstones (2/2)
 Z - a lightning rod (2/4)


   Skills:
 + Level 15.7 Fighting
 - Level 5.0 Staves
 + Level 15.6 Dodging
 - Level 1.7 Stealth
 + Level 8.7 Shields
 + Level 14.8 Spellcasting
 - Level 22.0 Necromancy
 - Level 5.0 Evocations


You had 3 spell levels left.
You knew the following spells:

 Your Spells              Type           Power      Damage    Failure   Level
a - Necrotise             Necr           100%       1d9       0%          1
b - Vampiric Draining     Necr           100%       2d13      0%          3
c - Animate Dead          Necr           100%       N/A       0%          4
d - Scorch                Fire           34%        2d7       6%          2
e - Infestation           Necr           55%        N/A       3%          8
f - Dispel Undead         Necr           100%       3d31      0%          4
g - Borgnjor's Vile Clut  Necr/Erth      41%        N/A       1%          5
h - Anguish               Hex/Necr       41%        N/A       1%          4
i - Simulacrum            Ice/Necr       41%        N/A       7%          6
j - Haunt                 Necr/Summ      41%        N/A       36%         7

Your spell library contained the following spells:

 Spells                   Type           Power      Damage    Failure   Level
 Sublimation of Blood     Necr           100%       N/A       0%          2
 Apportation              Tloc           34%        N/A       4%          1
 Magic Dart               Conj           68%        1d6       4%          1
 Sting                    Tmut/Pois      68%        1d6       4%          1
 Summon Small Mammal      Summ           68%        N/A       4%          1
 Blink                    Tloc           34%        N/A       6%          2
 Call Imp                 Summ           17%        N/A       6%          2
 Ensorcelled Hibernation  Hex/Ice        34%        N/A       6%          2
 Passwall                 Tmut/Erth      14%        N/A       6%          2
 Poisonous Vapours        Pois/Air       34%        N/A       6%          2
 Searing Ray              Conj           34%        2d5       6%          2
 Static Discharge         Conj/Air       17%        3-6/arc   6%          2
 Wereblood                Tmut           17%        N/A       6%          2
 Call Canine Familiar     Summ           17%        N/A       12%         3
 Gell's Gravitas          Tloc           17%        N/A       12%         3
 Mephitic Cloud           Conj/Pois/Air  17%        N/A       12%         3
 Swiftness                Air            17%        N/A       12%         3
 Teleport Other           Tloc           17%        N/A       12%         3
 Agony                    Necr           100%       N/A       0%          5
 Corpse Rot               Necr/Pois/Air  68%        N/A       1%          4
 Death Channel            Necr           55%        N/A       1%          6
 Borgnjor's Revivificati  Necr           55%        N/A       3%          8
 Airstrike                Air            8%         2d(2-18)  36%         4
 Flame Wave               Conj/Fire      17%        2d7       36%         4
 Fulminant Prism          Conj/Hex       8%         3d7       36%         4
 Hailstorm                Conj/Ice       17%        3d6       36%         4
 Ice Form                 Ice/Tmut       17%        N/A       36%         4
 Iskenderun's Mystic Bla  Conj/Tloc      17%        2d5       36%         4
 Olgreb's Toxic Radiance  Pois           17%        N/A       36%         4
 Passage of Golubria      Tloc           17%        N/A       36%         4
 Petrify                  Tmut/Erth      17%        N/A       36%         4
 Sticky Flame             Conj/Fire      17%        2d4       36%         4
 Summon Ice Beast         Ice/Summ       17%        N/A       36%         4
 Summon Lightning Spire   Summ/Air       17%        N/A       36%         4
 Death's Door             Necr           55%        N/A       43%         9
 Lee's Rapid Deconstruct  Erth           8%         3d8*      73%         5
 Lightning Bolt           Conj/Air       8%         1d21      73%         5
 Manifold Assault         Tloc           17%        N/A       73%         5
 Metabolic Englaciation   Hex/Ice        8%         N/A       73%         5
 Silence                  Hex/Air        8%         N/A       73%         5
 Summon Forest            Summ/Tloc      8%         N/A       73%         5
 Summon Mana Viper        Hex/Summ       17%        N/A       73%         5
 Necromutation            Tmut/Necr      41%        N/A       96%         8
 Dispersal                Tloc           8%         N/A       99%         6
 Eringya's Noxious Bog    Tmut/Pois      8%         N/A       99%         6
 Statue Form              Tmut/Erth      11%        N/A       99%         6
 Summon Cactus Giant      Summ           8%         N/A       99%         6
 Monstrous Menagerie      Summ           8%         N/A       100%        7
 Storm Form               Tmut/Air       8%         N/A       100%        7
 Summon Hydra             Summ           8%         N/A       100%        7
 Lehudib's Crystal Spear  Conj/Erth      8%         10d4      100%        8
 Maxwell's Capacitive Co  Air            8%         ∞         100%        8
 Summon Horrible Things   Summ           8%         N/A       100%        8


Dungeon Overview and Level Annotations

Branches:
Dungeon (15/15)            Temple (1/1) D:5            Lair (5/5) D:10
 Shoals (4/4) Lair:3        Snake (4/4) Lair:2        Slime (0/5) Lair:5
    Orc (2/2) D:9             Elf (2/3) Orc:2        Vaults (0/5) D:14
 Depths (0/4) D:15          Sewer (visited)         Ossuary (visited)

Altars:
Ashenzari
Cheibriados
Dithmenos
Fedhas
Gozag
Hepliaklqana
Kikubaaqudgha
Makhleb
Okawaru
Qazlal
Ru
Sif Muna
Trog
Vehumet
Wu Jian
Xom

Shops:
D:8 [   Orc:2 *=([   Elf:1 ?[*:   Shoals:2 *   Snake:4 [

Annotations:
D:8 4 transporters
D:10 2 transporters, snonkus's ghost, journeyman GrFi
D:11 3 runed translucent doors, Plasmagod's ghost, amateur SpDe
Lair:2 exclusion: oklob plant
Lair:3 exclusion: downstairs
Shoals:1 3 runed translucent doors, Isauros's ghost, adept MiHu
Shoals:2 3 runed translucent doors, exclusion: downstairs, kthxbai's ghost, adept FoAK
Snake:2 exclusion: 2 downstairs


Innate Abilities, Weirdness & Mutations

You are completely covered in slimy green scales. (AC +4, rPois)
A demonic guardian rushes to your aid.
You regenerate a little health from kills.
You have a sharp stinger which inflicts weakening toxins.


Message History

Your magical contamination has completely faded away.
You barely miss the nameless horror.
The nameless horror is heavily damaged.
You block the nameless horror's attack.
Your deep elf knight zombie hits the nameless horror!
The nameless horror hits you!!
You feel your power leaking away.
You hit the nameless horror but do no damage.
You tail-slap the nameless horror.
The nameless horror is heavily damaged.
Okay, then.
Aiming: Throw Flame
Press: ? - help, Shift-Dir - straight line, f - nameless horror
Aim: a nameless horror (heavily damaged, durably summoned, ally target, 100% to hit)
The puff of flame hits the nameless horror but does no damage.
The nameless horror is heavily damaged.
You block the nameless horror's attack.
Your deep elf knight zombie hits the nameless horror but does no damage.
Press: ? - help, v - describe, . - travel, g - get item
Here: a deep elf knight zombie (friendly) Item here: a +0 war axe of freezing.
An open translucent gate.
You hit the nameless horror.
The nameless horror is heavily damaged.
You block the nameless horror's attack.
Your deep elf knight zombie hits the nameless horror but does no damage.
You hit the nameless horror. You tail-slap the nameless horror!
The nameless horror is severely damaged.
The nameless horror hits you!!
* * * LOW HITPOINT WARNING * * *
You feel your power leaking away.
Your deep elf knight zombie hits the nameless horror.
You hit the nameless horror but do no damage.
The nameless horror is severely damaged.
The nameless horror hits you!!
* * * LOW HITPOINT WARNING * * *
A demonic guardian appears!
You feel better. The nameless horror hits you!!
You die...
Kikubaaqudgha rasps: "You have failed me!
Welcome... death!"

......####............>..........
.................................
Z................................
.ZZ.............#.....#..........
...Z...)[..........#.............
....Z.......[....................
...[.............#...#...........
...............).................
..............)<@3.#.............
................#X....#..........
##################Z''############
###...### ##.#.['#''.#
#....[###.....#
......)............
#..................
##.................


You could see a nameless horror (ally target), a friendly sixfirhy (summoned)
and a friendly deep elf knight zombie.

Vanquished Creatures
  Vashnia (Snake:2)
  A kraken (Shoals:4)
  7 nagarajas
  An orc warlord (Orc:2)
  A deep elf elementalist (Elf:2)
  Louise (Shoals:2)
  A stone giant (D:12)
  A deep elf demonologist (Elf:1)
  Nessos (D:14)
  2 minotaurs (Shoals:4)
  4 merfolk impalers
  3 boulder beetles
  7 hydras
  A vault guard (D:14)
  2 ogre magi (D:15)
  14 anacondas
  4 salamander tyrants (Snake:4)
  3 centaur warriors
  11 two-headed ogres
  Erica (D:8)
  A merfolk aquamancer (Shoals:3)
  9 naga warriors
  7 dancing weapons
  7 satyrs (Shoals:4)
  An orc high priest (Orc:2)
  3 tengu warriors (D:14)
  9 shock serpents
  6 naga sharpshooters
  A fire crab (Lair:4)
  8 deep elf knights
  Nergalle (Orc:2)
  3 salamander mystics
  Lodul (D:13)
  7 sea snakes
  A skeletal warrior (D:14)
  A wizard (D:15)
  A goliath frog (Lair:5)
  Pikel (D:9)
  2 naga ritualists
  9 deep elf archers
  13 harpies
  5 orc knights
  2 lindwurms (Snake:4)
  5 ugly things
  23 deep elf pyromancers
  16 deep elf zephyrmancers
  5 manticores
  11 salamanders
  9 mana vipers
  7 fauns
  3 orc sorcerers
  15 cyclopes
  7 merfolk sirens
  28 black mambas
  A black mamba (shapeshifter) (D:15)
  3 naga magi
  3 guardian serpents (Snake:4)
  Maurice (D:9)
  4 elephants
  5 water nymphs
  9 cane toads
  2 rime drakes
  4 komodo dragons
  A nameless horror (Snake:4)
  6 trolls
  A tengu conjurer (D:15)
  12 merfolk
  9 wind drakes
  A tarantella (shapeshifter) (D:13)
  2 hornets
  4 tyrant leeches (Lair:5)
  8 blink frogs
  4 slime creatures (D:12)
  Prince Ribbit (D:8)
  A dream sheep (Shoals:4)
  2 snapping turtles
  An air elemental (Elf:1)
  11 spriggans (Lair:4)
  A shadow (D:10)
  2 wraiths
  38 yaks
  3 wyverns
  Eustachio (D:6)
  3 hogs (Shoals:1)
  2 water elementals
  A basilisk (Lair:5)
  3 vampire mosquitoes
  A merfolk zombie (Shoals:3)
  Edmund (D:6)
  28 nagas
  A warg (Orc:2)
  2 acid dragons (D:14)
  10 water moccasins
  A black bear (D:7)
  A sky beast (D:7)
  21 orc warriors
  5 boggarts
  19 ogres
  17 wolves
  4 centaurs
  2 phantoms
  A lemure (D:9)
  A kobold brigand (D:11)
  9 bullfrogs
  2 necrophages
  An earth elemental (Elf:1)
  4 scorpions
  10 wights
  21 killer bees
  2 howler monkeys
  6 electric eels
  A jelly (D:6)
  A centaur zombie (Ossuary)
  2 human zombies
  13 orc priests
  5 hounds
  5 iguanas
  Ijyb (D:3)
  18 orc wizards
  5 mummies (Ossuary)
  20 gnolls
  10 adders
  9 river rats
  A shadow imp (D:6)
  A white imp (D:5)
  6 worms
  3 dart slugs
  60 orcs
  7 bats
  10 endoplasms
  10 giant cockroaches
  4 goblins
  7 hobgoblins
  5 jackals
  14 kobolds
  4 quokkas
  6 ball pythons
  6 frilled lizards
  2 hobgoblin zombies
  2 kobold zombies (Ossuary)
  4 orc zombies
  18 rats
  A tentacle (Shoals:4)
876 creatures vanquished.

Vanquished Creatures (collateral kills)
  Jorgrun (Shoals:1)
  A sphinx (Shoals:4)
  Kirke (Shoals:1)
  A fire giant (D:15)
  3 nagarajas
  A deep elf sorcerer (Elf:1)
  Aizul (Snake:3)
  Snorg (Lair:4)
  A merfolk javelineer (Shoals:4)
  A deep elf high priest (Elf:1)
  A rakshasa (D:14)
  2 hydras
  A salamander tyrant (Snake:4)
  An alligator snapping turtle (Shoals:4)
  2 merfolk avatars (Shoals:3)
  7 anacondas
  A centaur warrior (D:14)
  4 two-headed ogres
  4 naga warriors
  A merfolk aquamancer (Shoals:4)
  11 satyrs
  2 tengu warriors (D:14)
  6 dancing weapons
  A shock serpent (Snake:4)
  6 deep elf knights
  5 naga sharpshooters
  5 salamander mystics (Snake:4)
  4 sea snakes
  3 deep elf archers
  10 harpies
  8 naga ritualists
  A lindwurm (Snake:4)
  5 deep elf zephyrmancers
  9 deep elf pyromancers
  A harpy (shapeshifter) (Elf:2)
  5 mana vipers (Snake:4)
  17 fauns
  3 elephants (Lair:5)
  2 nameless horrors
  2 merfolk sirens
  3 cyclopes
  10 manticores
  7 salamanders (Snake:4)
  13 black mambas
  4 guardian serpents (Snake:4)
  3 naga magi (Snake:4)
  4 water nymphs
  3 cane toads (Lair:5)
  Joseph (D:9)
  Psyche (D:9)
  2 komodo dragons
  A freezing wraith (D:14)
  14 merfolk
  2 polar bears
  A wind drake (Shoals:1)
  9 blink frogs
  2 hornets (Lair:4)
  2 snapping turtles
  5 slime creatures (D:12)
  10 dream sheep
  8 water elementals
  2 air elementals
  A spriggan (Lair:4)
  2 hogs (Shoals:1)
  A basilisk (Lair:5)
  A wraith (D:9)
  14 yaks
  2 fire elementals
  3 vampire mosquitoes
  2 wargs
  11 nagas
  A water moccasin (Lair:1)
  2 orc warriors
  5 ogres
  2 boggarts (D:14)
  2 wolves (Lair:3)
  A kobold brigand (D:9)
  3 bullfrogs (Lair:5)
  2 earth elementals
  A necrophage (D:6)
  2 wights
  5 killer bees
  2 orc priests
  2 orc wizards
  20 orcs
  An endoplasm (D:3)
  4 kobolds
  A rat (D:3)
  2 plants (Shoals:1)
344 creatures vanquished.

Vanquished Creatures (others)
  Bai Suzhen (Shoals:3)
  A deep elf demonologist (Elf:1)
  A minotaur (Shoals:4)
  A hydra (Lair:3)
  An alligator snapping turtle (Shoals:2)
  A merfolk aquamancer (Shoals:1)
  4 deep elf knights
  A sea snake (Shoals:2)
  2 anaconda zombies (Snake:4)
  An ugly thing zombie (D:15)
  10 deep elf archers
  4 deep elf zephyrmancers
  10 deep elf pyromancers
  A manticore (Shoals:1)
  2 shock serpent zombies
  A centaur zombie (D:13)
  6 sea snake zombies
  7 merfolk zombies
  A mana viper zombie (Snake:4)
  8 harpy zombies
  A hydra zombie (Lair:4)
  A snapping turtle (Shoals:2)
  A merfolk (Shoals:2)
  2 guardian serpent zombies (Snake:4)
  7 satyr zombies (Shoals:4)
  10 black mamba zombies
  A tyrant leech zombie (Lair:5)
  4 wind drake zombies
  A vampire mosquito (Lair:5)
  2 water nymph zombies
  A faun zombie (Shoals:4)
  5 two-headed ogre zombies
  2 cane toad zombies
  An orc warrior (Orc:2)
  A snapping turtle zombie (Shoals:4)
  3 blink frog zombies (Lair:2)
  2 elephant zombies (Lair:5)
  2 wolves (Lair:4)
  22 elf zombies
  4 manticore zombies
  8 salamander zombies (Snake:4)
  3 wyvern zombies
  4 cyclops zombies
  A water moccasin zombie (D:10)
  A warg zombie (Orc:1)
  2 wolf zombies (Lair:1)
  9 yak zombies
  An orc priest (Orc:2)
  14 naga zombies
  A sky beast zombie (D:7)
  10 ogre zombies
  A hound zombie (D:5)
  2 orcs
  4 gnoll zombies (D:5)
  2 kobold zombies (D:9)
  31 orc zombies
  51 fungi
  262 plants
  2 tentacles (Shoals:4)
546 creatures vanquished.

Grand Total: 1766 creatures vanquished

Notes
Turn   | Place    | Note
-------+----------+-------------------------------------------
     0 | D:1      | DuloT34 the Demonspawn Necromancer began the quest for the
                  | Orb.
     0 | D:1      | Reached XP level 1. HP: 13/13 MP: 3/3
   245 | D:1      | Gained mutation: You have a small tail. [demonic ancestry]
   245 | D:1      | Reached XP level 2. HP: 14/20 MP: 0/5
   497 | D:1      | You fall into a shaft and drop 1 floor!
  1011 | D:1      | Reached skill level 1 in Fighting
  1437 | D:1      | Reached XP level 3. HP: 26/26 MP: 4/6
  1914 | D:2      | Learned a level 3 spell: Vampiric Draining
  2502 | D:2      | Gained mutation: You are partially covered in slimy green
                  | scales. (AC +2) [demonic ancestry]
  2502 | D:2      | Reached XP level 4. HP: 19/32 MP: 0/8
  2828 | D:1      | Learned a level 4 spell: Animate Dead
  2945 | D:2      | Reached skill level 5 in Necromancy
  3602 | D:3      | Reached XP level 5. HP: 28/38 MP: 2/9
  3813 | D:3      | Found a glowing drain.
  3838 | Sewer    | Entered a sewer
  4800 | Sewer    | Reached XP level 6. HP: 46/46 MP: 3/10
  5029 | D:3      | Learned a level 2 spell: Scorch
  5071 | D:3      | Noticed Ijyb
  5097 | D:3      | Killed Ijyb
  5886 | D:4      | Reached skill level 6 in Necromancy
  6106 | D:4      | Gained mutation: You are mostly covered in slimy green
                  | scales. (AC +3) [demonic ancestry]
  6106 | D:4      | Reached XP level 7. HP: 46/52 MP: 6/12
  6902 | D:5      | Entered Level 5 of the Dungeon
  7097 | D:5      | Reached XP level 8. HP: 60/60 MP: 3/14
  7262 | D:5      | Reached skill level 7 in Necromancy
  7708 | D:5      | Found a staircase to the Ecumenical Temple.
  7797 | Temple   | Entered the Ecumenical Temple
  7983 | Temple   | Became a worshipper of Kikubaaqudgha
  8550 | D:6      | Noticed Edmund
  8556 | D:6      | Reached skill level 5 in Spellcasting
  8558 | D:6      | Reached skill level 5 in Dodging
  8573 | D:6      | Killed Edmund
  8574 | D:6      | Reached skill level 5 in Fighting
  8819 | D:6      | Noticed Eustachio
  8830 | D:6      | Killed Eustachio
  9561 | D:6      | Learned a level 5 spell: Agony
  9902 | D:7      | Reached XP level 9. HP: 68/68 MP: 6/17
 10127 | D:7      | Reached * piety under Kikubaaqudgha
 10127 | D:7      | Received a gift from Kikubaaqudgha
 10128 | D:7      | Reached skill level 8 in Necromancy
 10241 | D:7      | Found a sand-covered staircase.
 10273 | Ossuary  | Entered an ossuary
 11034 | D:7      | Reached ** piety under Kikubaaqudgha
 12994 | D:8      | Found a transporter.
 13048 | D:8      | Found a transporter.
 13066 | D:8      | Found a snail-covered altar of Cheibriados.
 13162 | D:8      | Found a transporter.
 13216 | D:8      | Found Jedgh's Armour Shoppe.
 13222 | D:8      | Bought a +2 cloak of poison resistance for 259 gold pieces
 13284 | D:8      | Noticed Prince Ribbit
 13290 | D:8      | Killed Prince Ribbit
 13474 | D:8      | Reached skill level 9 in Necromancy
 13914 | D:8      | Noticed Erica
 13926 | D:8      | Killed Erica
 13927 | D:8      | Gained mutation: You are completely covered in slimy green
                  | scales. (AC +4, rPois) [demonic ancestry]
 13927 | D:8      | Reached XP level 10. HP: 79/79 MP: 2/20
 14151 | D:8      | Found a transporter.
 14566 | D:9      | Noticed Maurice
 14578 | D:9      | Killed Maurice
 15121 | D:9      | Noticed a two-headed ogre
 15136 | D:9      | Killed a two-headed ogre
 15293 | D:9      | Noticed Joseph
 15316 | D:9      | Killed Joseph
 15317 | D:9      | Reached skill level 10 in Necromancy
 15354 | D:9      | Reached *** piety under Kikubaaqudgha
 15354 | D:9      | Received a gift from Kikubaaqudgha
 15514 | D:9      | Learned a level 4 spell: Dispel Undead
 15520 | D:9      | Learned a level 5 spell: Borgnjor's Vile Clutch
 15531 | D:9      | Noticed a two-headed ogre
 15555 | D:9      | Killed a two-headed ogre
 15798 | D:9      | Found a staircase to the Orcish Mines.
 15865 | D:9      | Noticed Pikel
 15876 | D:9      | Killed Pikel
 15877 | D:9      | Gained mutation: You have a tail ending in a sharp stinger.
                  | [demonic ancestry]
 15877 | D:9      | Reached XP level 11. HP: 87/87 MP: 8/23
 16219 | D:9      | Noticed Psyche
 16561 | D:9      | Killed Psyche
 16724 | D:10     | Entered Level 10 of the Dungeon
 16847 | D:10     | Found a transporter.
 16888 | D:10     | Found a transporter.
 16996 | D:10     | Noticed snonkus's ghost (journeyman GrFi)
 17076 | D:10     | Found a staircase to the Lair.
 17103 | D:10     | Reached **** piety under Kikubaaqudgha
 17348 | D:10     | Reached skill level 11 in Necromancy
 17969 | Lair:1   | Entered Level 1 of the Lair of Beasts
 19517 | Lair:2   | Noticed an eight-headed hydra
 19855 | Lair:2   | Killed an eight-headed hydra
 20214 | Lair:2   | Reached XP level 12. HP: 73/97 MP: 0/25
 20471 | Lair:2   | Reached skill level 10 in Fighting
 20816 | Lair:2   | Reached ***** piety under Kikubaaqudgha
 20966 | Lair:2   | Found a staircase to the Snake Pit.
 20980 | Lair:2   | Learned a level 4 spell: Anguish
 21033 | Lair:2   | Noticed a seven-headed hydra
 21083 | Lair:1   | Reached skill level 12 in Necromancy
 21896 | Lair:2   | Killed a seven-headed hydra
 23504 | Lair:3   | Reached skill level 10 in Spellcasting
 23506 | Lair:3   | Reached skill level 10 in Dodging
 23595 | Lair:3   | Noticed a six-headed hydra
 23604 | Lair:3   | Killed a six-headed hydra
 23941 | Lair:3   | Found a staircase to the Shoals.
 24535 | Lair:4   | Noticed a five-headed hydra
 25118 | Lair:4   | Reached skill level 13 in Necromancy
 25120 | Lair:4   | Noticed a five-headed hydra
 25131 | Lair:4   | Killed a five-headed hydra
 25441 | Lair:4   | Killed a five-headed hydra
 25442 | Lair:4   | Reached XP level 13. HP: 106/106 MP: 0/27
 25911 | Lair:4   | Noticed Snorg
 25920 | Lair:4   | Killed Snorg
 27843 | Lair:5   | Entered Level 5 of the Lair of Beasts
 28398 | Lair:5   | Reached skill level 14 in Necromancy
 28947 | Lair:5   | Found a staircase to the Slime Pits.
 29433 | Lair:5   | Identified the +0 robe of Fortitude {rN+ Regen+ Str+6}
 29487 | Lair:5   | Got the Omnibus of the Commander
 30660 | Orc:1    | Entered Level 1 of the Orcish Mines
 30669 | Orc:1    | Reached ****** piety under Kikubaaqudgha
 31214 | Orc:2    | Entered Level 2 of the Orcish Mines
 31735 | Orc:2    | Found a staircase to the Elven Halls.
 31767 | Orc:2    | Reached XP level 14. HP: 104/115 MP: 1/29
 32370 | Orc:2    | Learned a level 6 spell: Simulacrum
 32616 | Orc:2    | Noticed an orc warlord
 33816 | Orc:2    | Paralysed by an orc sorcerer for 5 turns
 34383 | Orc:2    | Noticed Nergalle
 34578 | Orc:2    | Killed Nergalle
 34924 | Orc:2    | Killed an orc warlord
 34925 | Orc:2    | Reached skill level 15 in Necromancy
 35709 | Orc:2    | Found Igixusuthy's Antique Weapon Shop.
 35873 | Orc:2    | Found Vobenul's Jewellery Shop.
 35937 | Orc:2    | Found Totimi's General Store.
 36306 | Orc:2    | Found Baifiun's Antique Armour Shop.
 36429 | D:11     | Identified the +0 chain mail of Limitation {MP+9}
 36610 | D:11     | Found a runed translucent gate.
 36610 | D:11     | Found a runed translucent gate.
 36612 | D:11     | Found a runed translucent gate.
 36613 | D:11     | Noticed Plasmagod's ghost (amateur SpDe)
 37201 | D:12     | Noticed a stone giant
 39015 | D:12     | Reached skill level 1 in Evocations
 39400 | D:12     | Killed a stone giant
 40485 | Snake:1  | Entered Level 1 of the Snake Pit
 40488 | Lair:2   | Identified a scroll of acquirement
 40488 | Lair:2   | Acquired a staff of death
 40893 | Snake:1  | Reached skill level 1 in Staves
 42270 | Snake:1  | Identified the +1 robe "Cengimug" {-Tele Will- Str+4 Dex+7}
 42444 | Snake:1  | Gained mutation: You have a sharp stinger which inflicts
                  | weakening toxins. [demonic ancestry]
 42444 | Snake:1  | Reached XP level 15. HP: 110/123 MP: 26/31
 43104 | Snake:2  | Reached skill level 5 in Evocations
 44083 | Snake:2  | Noticed a nagaraja
 44089 | Snake:2  | Killed a nagaraja
 44090 | Snake:2  | Reached skill level 5 in Staves
 44327 | Snake:2  | Noticed a nagaraja
 44374 | Snake:2  | Killed a nagaraja
 44465 | Snake:2  | Reached skill level 16 in Necromancy
 45200 | Snake:2  | Noticed Vashnia
 45274 | Snake:2  | Killed Vashnia
 46707 | Snake:3  | Received a gift from Kikubaaqudgha
 46882 | Snake:3  | Noticed Aizul
 47216 | Snake:3  | Learned a level 8 spell: Infestation
 47656 | Snake:3  | Killed Aizul
 48216 | Snake:3  | Upgraded the game from 0.29.0-15-g675c0067aa to 0.29.1
 48369 | Snake:3  | Noticed a nagaraja
 48380 | Snake:3  | Killed a nagaraja
 48590 | Snake:3  | HP: 6/124 [constriction (2)]
 49154 | Snake:3  | Noticed a nagaraja
 49157 | Snake:3  | Killed a nagaraja
 49601 | Snake:3  | Identified the +0 leather armour of Intuition {rF- Str+7}
 49775 | Snake:3  | Identified the +0 cloak "Kittuthro" {Dex+4}
 50259 | Elf:1    | Entered Level 1 of the Elven Halls
 50431 | Elf:1    | Gained mutation: You regenerate a little health from kills.
                  | [demonic ancestry]
 50431 | Elf:1    | Reached XP level 16. HP: 132/132 MP: 6/32
 50653 | Elf:1    | Reached skill level 17 in Necromancy
 50952 | Elf:1    | Paralysed by an air elemental for 1 turns
 50957 | Elf:1    | Paralysed by an air elemental for 1 turns
 50963 | Elf:1    | Paralysed by an air elemental for 1 turns
 51046 | Elf:1    | Found Piuphus's Book Boutique.
 51385 | Elf:1    | Paralysed by an air elemental for 1 turns
 51389 | Elf:1    | Paralysed by an air elemental for 1 turns
 51396 | Elf:1    | Paralysed by an air elemental for 1 turns
 51721 | Elf:1    | Found Coepsa Xabie's Armour Boutique.
 52351 | Elf:1    | Identified the +0 fire dragon scales of Cifyom {rPois rF++
                  | rC-}
 52747 | Elf:1    | Found Yliob's Assorted Antiques.
 52755 | Elf:1    | Bought a pair of bloodstained boots for 285 gold pieces
 52755 | Elf:1    | Identified the +1 pair of boots of the Lion {rPois Str-5
                  | Dex+4} (You bought it in a shop on level 1 of the Elven
                  | Halls)
 52755 | Elf:1    | Bought a potion of flight for 90 gold pieces
 53176 | Elf:1    | Found Georops's Magic Scroll Emporium.
 53183 | Elf:1    | Bought a scroll of fear for 56 gold pieces
 53183 | Elf:1    | Bought a scroll of summoning for 133 gold pieces
 53776 | Shoals:1 | Entered Level 1 of the Shoals
 54299 | Shoals:1 | Found a runed translucent gate.
 54299 | Shoals:1 | Found a runed translucent gate.
 54299 | Shoals:1 | Found a runed translucent gate.
 54307 | Shoals:1 | Noticed Isauros's ghost (adept MiHu)
 54413 | Shoals:1 | Noticed Jorgrun
 54427 | Shoals:1 | Killed Jorgrun
 54790 | Shoals:1 | Noticed Kirke
 54796 | Shoals:1 | Killed Kirke
 55660 | Shoals:2 | Found Jaejorch's Assorted Antiques.
 56333 | Shoals:2 | Noticed Louise
 57260 | Shoals:2 | Killed Louise
 57569 | Elf:1    | Bought a +1 buckler of protection for 198 gold pieces
 58855 | Shoals:2 | Found a runed translucent gate.
 58856 | Shoals:2 | Found a runed translucent gate.
 58857 | Shoals:2 | Found a runed translucent gate.
 58858 | Shoals:2 | Noticed kthxbai's ghost (adept FoAK)
 59176 | Shoals:3 | Reached skill level 1 in Shields
 59179 | Shoals:3 | Noticed Bai Suzhen
 59646 | Shoals:3 | Killed Bai Suzhen
 59647 | Shoals:3 | Reached skill level 18 in Necromancy
 59647 | Shoals:3 | Gained mutation: A weak demonic guardian rushes to your
                  | aid. [demonic ancestry]
 59647 | Shoals:3 | Reached XP level 17. HP: 140/140 MP: 12/34
 62449 | Orc:2    | Bought a ring of protection from fire for 375 gold pieces
 62471 | Orc:2    | Bought a potion of curing for 36 gold pieces
 62471 | Orc:2    | Bought a phantom mirror for 480 gold pieces
 62658 | D:13     | Noticed Lodul
 62666 | D:13     | Killed Lodul
 62858 | D:13     | Found a gate leading to a gauntlet.
 63680 | D:14     | Noticed Nessos
 63683 | D:14     | Killed Nessos
 63776 | D:14     | Learned a level 7 spell: Haunt
 64704 | D:14     | Found a gate to the Vaults.
 64976 | D:15     | Entered Level 15 of the Dungeon
 65051 | D:15     | Reached skill level 5 in Shields
 65207 | D:15     | Identified the +7 morningstar of Nyhysch {speed, Drain
                  | rElec rC+ Will+}
 65607 | D:15     | Found a staircase to the Depths.
 65851 | D:15     | Reached skill level 19 in Necromancy
 67152 | Elf:1    | Bought a book of Decay for 544 gold pieces
 67407 | Snake:4  | Entered Level 4 of the Snake Pit
 67413 | Snake:4  | Reached skill level 15 in Dodging
 67740 | Snake:4  | Reached skill level 15 in Fighting
 67865 | Snake:4  | Reached XP level 18. HP: 148/149 MP: 7/36
 67916 | Snake:4  | Acquired an Inescapable Atlas
 68458 | Snake:4  | Found Dutipt's Antique Armour Shoppe.
 68506 | Snake:4  | Bought a pair of embroidered gloves for 262 gold pieces
 68658 | Snake:4  | Reached skill level 20 in Necromancy
 72393 | Snake:4  | Reached skill level 21 in Necromancy
 73883 | Snake:4  | Got a serpentine rune of Zot
 75034 | Shoals:4 | Entered Level 4 of the Shoals
 76410 | Shoals:4 | Identified the ring "Jauhufam" {+Blink rF+ rC+ Will+++
                  | Dex-4 SInv}
 76443 | Shoals:4 | Gained mutation: A demonic guardian rushes to your aid.
                  | [demonic ancestry]
 76443 | Shoals:4 | Reached XP level 19. HP: 28/155 MP: 4/37
 77391 | Shoals:4 | Got a barnacled rune of Zot
 77967 | Elf:2    | Found a runed translucent gate.
 77967 | Elf:2    | Found a runed translucent gate.
 77967 | Elf:2    | Found a runed translucent gate.
 78546 | Elf:2    | Reached skill level 22 in Necromancy
 78821 | Elf:2    | Paralysed by an air elemental for 1 turns
 78826 | Elf:2    | Paralysed by an air elemental for 1 turns
 81548 | Elf:2    | Mangled by a nameless horror

Illustrated notes

Levels and vault maps discovered:
D:1:      dpeg_arrival_water_temple_mockup, layout_basic,
          grunt_decor_mini_mirrors, grunt_decor_cap
D:2:      layout_loops_ring, serial_aquarium, aquarium_bridge_island_small
          [aquarium_subvault_small_water, aquarium_subvault_wall,
          aquarium_subvault_wall, aquarium_subvault_bridge,
          aquarium_subvault_bridge], aquarium_bridge_square
          [aquarium_subvault_wall, aquarium_subvault_window,
          aquarium_subvault_bridge, aquarium_subvault_bridge],
          aquarium_window_fake, aquarium_window_double, aquarium_window_1,
          aquarium_window_fake, aquarium_view_2d, aquarium_pool_corner,
          corexii_shack
D:3:      layout_basic, portal_sewer_entry_e, nicolae_wormholes, uniq_ijyb
D:4:      layout_cave_pods, hangedman_decor_peaks_small
D:5:      layout_basic, minmay_temple_entry_poolview, skrybe_limestone_x,
          dreamdust_gnoll_farm
D:6:      layout_basic, uniq_eustachio, uniq_edmund
D:7:      layout_layer_cave, enter_ossuary_3
D:8:      nicolae_cairo_tiling_very_big, layout_loops_corners,
          cheibrodos_worm_habitat, serial_shops, shop,
          nicolae_transporter_intersection, uniq_prince_ribbit1, uniq_erica
D:9:      layout_grid_maze, hiddenorc2_lemuel, water_boxes_lemuel, uniq_maurice,
          uniq_psyche, uniq_joseph, uniq_pikel
D:10:     layout_irregular_city, minmay_lair_entry_grove, nzn_ghost_randoct
D:11:     layout_cave_pools, gammafunk_ghost_hydra_chop
D:12:     cheibrodos_monumental, layout_gridville, hangedman_decor_opposing
D:13:     layout_cave_pods, gauntlet_entry_generic, uniq_lodul
D:14:     layout_irregular_city, david_vaults_5, kennysheep_doodads,
          hangedman_abyss_or_decor_passed, minivault_21, uniq_nessos
D:15:     grunt_enter_depths_giant_problem, layout_loops_cross, minivault_23
Temple:   mainiacjoe_temple_starburst
Lair:1:   layout_loops_ring
Lair:2:   layout_cave_pods, minmay_snake_entry_guardpost_large,
          nicolae_quartered_pool_little
Lair:3:   layout_chaotic_city, shoals_dummy_entry, grunt_megastairs_3
Lair:4:   kb_forest_paths, layout_regular_city, uniq_snorg
Lair:5:   minmay_lair_end_frog_pond, layout_regular_city, slime_entry_1,
          disabler_island, lemuel_fruit_fields
Shoals:1: layout_shoals, gammafunk_ghost_necromancy,
          nicolae_shoals_arrival_archipelago, uniq_kirke, uniq_jorgrun
Shoals:2: layout_shoals, gammafunk_ghost_tricky_traps, serial_shops,
          nicolae_stop_n_shop_1, st_cyclops, uniq_louise
Shoals:3: layout_shoals, uniq_bai_suzhen
Shoals:4: shoals_end_hellmonk_lost_city
Snake:1:  layout_honeycomb, nicolae_triple_integral
Snake:2:  layout_basic, uniq_vashnia
Snake:3:  layout_chambers, nrook_loot_triangle, uniq_aizul
Snake:4:  snake_pit_salamanders_mu, layout_onion, serial_shops, shop,
          nicolae_snake_snakes_in_the_grass
Orc:1:    layout_diamond_mine, serial_shops, nicolae_shop_advertising_works
          [nicolae_subvault_shop_adworks]
Orc:2:    grunt_orc_cross, layout_diamond_mine
Elf:1:    minmay_elf_arrival_circle, layout_onion_city, serial_shops,
          nicolae_shop_waterfront, shop, nicolae_shop_hallway_plus,
          nicolae_shop_hallway_stairs, kennysheep_underground_church
Elf:2:    elven_hall_of_blades_hangedman_original
          [infiniplex_blade_entry_pillars], layout_onion_city, minivault_24

Skill      XL: |  1  2  3  4  5  6  7  8  9 10 11 12 13 14 15 16 17 18 19 |
---------------+----------------------------------------------------------+-----
Dodging        | 2 3 4 5 6 8 9 10 12 13 14 15 | 15.6
Fighting       | 1 2 3 4 5 7 8 9 11 12 13 14 15 | 15.7
Necromancy     | 5 6 7 9 10 11 13 14 15 16 18 19 21 22 | 22.0
Spellcasting   | 3 4 5 7 8 9 10 11 12 13 14 | 14.8
Evocations     | 4 5 |  5.0
Staves         | 3 5 |  5.0
Shields        | 1 7 8 |  8.7
Stealth        | |  1.7

Action                   |  1- 3 |  4- 6 |  7- 9 | 10-12 | 13-15 | 16-18 | 19-21 || total
-------------------------+-------+-------+-------+-------+-------+-------+-------++-------
Melee: Dagger            |    43 |       |       |       |       |       |       ||    43
       Tailslap          |     2 |    21 |    55 |   105 |    71 |    87 |    31 ||   372
       Punch             |     2 |     1 |     8 |     7 |     6 |     2 |       ||    26
       Whip              |       |   162 |   291 |   536 |   314 |       |       ||  1303
       Staff             |       |       |       |       |    82 |   453 |   109 ||   644
Throw: Dart              |       |       |       |    13 |   110 |    64 |       ||   187
       Javelin           |       |       |       |       |     3 |     4 |     6 ||    13
 Cast: Necrotise         |    64 |    47 |    40 |    20 |    55 |     1 |       ||   227
       Vampiric Draining |     5 |    27 |    62 |   104 |   135 |     5 |     1 ||   339
       Scorch            |       |     3 |    64 |     9 |    23 |    14 |       ||   113
       Animate Dead      |       |     1 |     7 |    18 |    28 |    41 |     9 ||   104
       Borgnjor's Vile C |       |       |       |    60 |   268 |   266 |    47 ||   641
       Dispel Undead     |       |       |       |     5 |     6 |     1 |       ||    12
       Anguish           |       |       |       |     6 |    23 |     3 |     1 ||    33
       Simulacrum        |       |       |       |       |    15 |       |       ||    15
       Infestation       |       |       |       |       |     6 |    42 |     4 ||    52
       Haunt             |       |       |       |       |       |    19 |     7 ||    26
Invok: Receive Forbidden |       |       |       |       |     1 |       |       ||     1
       Unearth Wretches  |       |       |       |       |       |    10 |     6 ||    16
Evoke: Wand              |       |       |     4 |    12 |    17 |    14 |     3 ||    50
       Lightning rod     |       |       |       |       |    11 |    11 |     6 ||    28
       Tin of tremorston |       |       |       |       |     2 |     2 |       ||     4
       Condenser vane    |       |       |       |       |     1 |     5 |       ||     6
       Phantom mirror    |       |       |       |       |       |     1 |       ||     1
  Use: Scroll            |     4 |     8 |     4 |     8 |    10 |    13 |       ||    47
       Potion            |       |       |     1 |     3 |    16 |    14 |     3 ||    37
 Stab: Sleeping          |     1 |     3 |     1 |     1 |       |     1 |       ||     7
       Distracted        |       |       |     3 |     1 |     5 |     5 |     2 ||    16
       Paralysed         |       |       |       |       |       |     5 |     8 ||    13
Armor: Robe              |    21 |    59 |   119 |   233 |   200 |   118 |    33 ||   783
Dodge: Dodged            |    35 |   111 |   420 |   880 |   763 |   429 |    67 ||  2705
Block: Buckler           |       |       |       |       |       |   324 |    66 ||   390
       Other             |       |       |       |       |       |    18 |       ||    18
       Reflection        |       |       |       |       |       |    39 |     3 ||    42
